 Dungeon Crawl Stone Soup version 0.30-a0-122-g2a1322497e (webtiles) character file.

Game seed: 8574670841809731910

69 Dreamer the Sneak (level 4, 0/33 HPs)
             Began as a Vampire Enchanter on Sept 16, 2022.
             Slain by a gnoll
             ... wielding a +2 spear of flaming
              (1 damage)
             ... on level 2 of the Dungeon.
             The game lasted 00:03:56 (1213 turns).

Dreamer the Sneak (Vampire Enchanter)               Turns: 1213, Time: 00:03:57

Health: 0/33       AC:  2    Str:  7    XL:     4   Next: 2%
Magic:  4/8        EV: 12    Int: 17    God:
Gold:   28         SH:  0    Dex: 16    Spells: 6/8 levels left

rFire   . . .      SeeInvis +    g - +0 short sword
rCold   . . .      Faith    .    (no shield)
rNeg    . . .      Spirit   .    b - +0 robe
rPois   .          Reflect  .    (no helmet)
rElec   .          Harm     .    (no cloak)
rCorr   .          Rampage  .    (no gloves)
Will    .....                    (no boots)
Stlth   +++.......               j - amulet of regeneration
HPRegen 1.11/turn                (no ring)
MPRegen 0.11/turn                (no ring)

@: healing quickly
A: alive, fangs 3, see invisible, vampiric 2
a: Exsanguinate


You were on level 2 of the Dungeon.
You visited 1 branch of the dungeon, and saw 2 of its levels.

You collected 28 gold pieces.

Inventory:

Hand Weapons
 a - a +1 dagger
 g - a +0 short sword (weapon)
Armour
 b - a +0 robe (worn)
Jewellery
 j - an amulet of regeneration (around neck)
Scrolls
 d - a scroll of blinking {unknown}
 f - 2 scrolls of noise {unknown}
 h - a scroll of magic mapping {unknown}
Potions
 c - 2 potions of invisibility
 e - 2 potions of mutation {unknown}
 i - a potion of might {unknown}


   Skills:
 * Level 1.7 Fighting
 - Level 1.1 Short Blades
 - Level 2.1 Dodging
 + Level 5.1 Stealth
 * Level 2.8 Spellcasting
 + Level 4.9 Hexes


You had 6 spell levels left.
You knew the following spells:

 Your Spells              Type           Power      Damage    Failure   Level
a - Ensorcelled Hibernat  Hex/Ice        20%        N/A       10%         2

Your spell library contained the following spells:

 Spells                   Type           Power      Damage    Failure   Level
 Confusing Touch          Hex            19%        N/A       7%          3
 Tukima's Dance           Hex            19%        N/A       7%          3
 Dazzling Flash           Conj/Hex       20%        N/A       21%         3


Dungeon Overview and Level Annotations

Branches:
Dungeon (2/15)

Altars:


Innate Abilities, Weirdness & Mutations

Your natural rate of healing is accelerated.
You have razor-sharp teeth.
You have supernaturally acute eyesight. (SInv)
You are afflicted with vampirism and can become a bat while bloodless.


Message History

Terence resists with significant effort.
Terence closely misses you.
Terence looks drowsy...
The helpless Terence fails to defend himself.
You puncture Terence!
You kill Terence!
You have reached level 4!
Things that are here:
a +0 trident; a +0 chain mail
j - an amulet of regeneration You start putting on your amulet.
You continue putting on your amulet of regeneration. x5
You finish putting on your amulet of regeneration.
The amulet throbs as it attunes itself to your uninjured body.
j - an amulet of regeneration (around neck) 3 gnolls come into view.
A gnoll is wielding a +2 spear of flaming.
The gnoll shouts!
The gnoll resists with significant effort.
The gnoll hits you from afar with a +2 spear of flaming.
The gnoll burns you.
The gnoll looks drowsy...
The gnoll shouts!
The gnoll hits you from afar with a +0 spear.
The gnoll shouts!
You hit the gnoll.
The gnoll is moderately wounded.
The gnoll hits you with a +2 spear of flaming.
The gnoll burns you.
The gnoll hits you from afar with a +0 spear.
You hit the gnoll.
The gnoll is heavily wounded.
The gnoll hits you with a +2 spear of flaming!
The gnoll burns you.
* * * LOW HITPOINT WARNING * * *
The gnoll barely misses you.
The gnoll hits you from afar with a +2 spear of flaming.
* * * LOW HITPOINT WARNING * * *
The gnoll burns you.
You die...

### ### #.# #.##
#####.# #... #)gg..#
#.## #.###@#######
#.# #.# #.#......
#[# .ggg....#
#....##### #.#
###########.........
#.##
............#####
#.#.
.#######.........
#<#.
##'#.........#.#.
#.########..#.#<
#.#.............


You could see 2 gnolls.

Vanquished Creatures
  Terence (D:2)
  A gnoll (D:1)
  A dart slug (D:1)
  6 bats (D:1)
  5 endoplasms
  A giant cockroach (D:1)
  A hobgoblin (D:1)
  2 kobolds
  4 quokkas
  2 ball pythons (D:1)
  4 frilled lizards
  2 rats (D:1)
30 creatures vanquished.

Notes
Turn   | Place    | Note
-------+----------+-------------------------------------------
     0 | D:1      | Dreamer the Vampire Enchanter began the quest for the Orb.
     0 | D:1      | Reached XP level 1. HP: 13/13 MP: 3/3
   224 | D:1      | Reached XP level 2. HP: 20/20 MP: 5/5
   227 | D:1      | Learned a level 2 spell: Ensorcelled Hibernation
   265 | D:1      | Reached skill level 1 in Fighting
   623 | D:1      | Gained mutation: You are afflicted with vampirism and can
                  | become a bat while bloodless. [Vampire growth]
   623 | D:1      | Reached XP level 3. HP: 26/26 MP: 1/6
   906 | D:2      | Reached skill level 5 in Stealth
  1129 | D:2      | Noticed Terence
  1137 | D:2      | Killed Terence
  1138 | D:2      | Reached XP level 4. HP: 33/33 MP: 2/8
  1213 | D:2      | HP: 1/33 [gnoll/+2 spear of flaming (6)]
  1213 | D:2      | Slain by a gnoll

Illustrated notes

Levels and vault maps discovered:
D:1:      tarquinn_simple_flora_water_f, layout_basic
D:2:      layout_basic, hellmonk_ecumenical_altar_pennies_from_heaven,
          uniq_terence

Skill      XL: |  1  2  3 |
---------------+----------+-----
Fighting       | 1 |  1.7
Stealth        | 5 |  5.1
Short Blades   | |  1.1
Dodging        | |  2.1
Spellcasting   | |  2.8
Hexes          | |  4.9

Action                   |  1- 3 |  4- 6 || total
-------------------------+-------+-------++-------
Melee: Dagger            |    31 |       ||    31
       Bite              |     6 |       ||     6
       Short sword       |    27 |     2 ||    29
 Cast: Ensorcelled Hiber |    11 |     2 ||    13
 Stab: Sleeping          |    16 |       ||    16
Armor: Robe              |    15 |       ||    15
Dodge: Dodged            |    46 |     1 ||    47

Table legend: (Time is in decaauts)
 A = Elapsed time spent in this place.
 B = Non-inter-level travel time spent in this place.
 C = Inter-level travel time spent in this place.
 D = Time resting spent in this place.
 E = Time spent auto-exploring this place.
 F = Levels seen in this place.
 G = Mean time per level.
                   A        B        C        D        E       F      G
               +--------+--------+--------+--------+--------+-----+--------+
         Total |   1208 |   1181 |     27 |     90 |    780 |   2 |  604.0 |
       Dungeon |   1208 |   1181 |     27 |     90 |    780 |   2 |  604.0 |
               +--------+--------+--------+--------+--------+-----+--------+

Top non-repeatable levels by time:
     D:1: 893 daAuts
     D:2: 314 daAuts
